Construct Section Command Post
Selects Indian Artillery Battlegroup
Selects Towed ML 4.2-inch Heavy Mortar
Towed ML 4.2-inch Heavy Mortar
Construct Platoon Command Post
6-pounder Anti-tank Gun Team
Construct Company Command Post
Selects Gurkha Rifles Section
Unlock M3 Grant Medium Tanks
Selects Off-map Airburst Barrage
Selects Volunteer Infantry
Unlock Towed 17-pounder Anti-tank Guns
Selects Perimeter Monitor
Selects BL5.5 Artillery Emplacement
17-pounder Anti-tank Gun Team